Map: Deathaura LE

Players

MarcoMan

  • Race: Protoss Protoss
  • League: Master
  • Spawn Location: 5:00

GabrielS - Winner!

  • Race: Protoss Protoss
  • League: Diamond
  • Spawn Location: 11:00

VOD

Have the link to the VOD?

Description

Time

  • Played on: Jan. 15, 2021, 7:20 p.m.
  • Length: 6:06
Show
View Real Time Build Order
Export as new Build Order

MarcoMan Protoss 

Build Orders:  

Get SALT Encoding   

  12  0:02  Probe  
  13  0:14  Probe  
  13  0:19  Pylon  
  14  0:26  Probe  
  15  0:38  Probe  
  15  0:39  Gateway  
  16  0:50  Assimilator, Probe  
  17  1:02  Probe  
  17  1:03  Assimilator  
  18  1:08  Pylon  
  18  1:15  Probe  
  19  1:26  Gateway  
  19  1:27  Probe  
  19  1:28  Cybernetics Core  
  21  1:40  Probe  
  21  1:42  Pylon  
  21  1:52  Probe  
  22  2:04  Probe  
  22  2:05  Warp Gate  
  23  2:11  Adept x2 (Chrono Boost)  
  27  2:19  Pylon  
  27  2:33  Stalker x2  
  31  2:46  Shield Battery  
  31  3:12  Stalker  
  31  3:13  Stalker  
  33  3:27  Nexus  
  33  3:36  Robotics Facility  
  33  3:50  Probe  
  33  3:55  Pylon  
  34  4:03  Twilight Council, Probe  
  34  4:09  Sentry  
  37  4:15  Probe  
  38  4:25  Observer  
  38  4:27  Probe (Chrono Boost)  
  39  4:39  Probe (Chrono Boost)  
  39  4:45  Probe (Chrono Boost)  
  39  4:49  Probe  
  39  4:51  Observer  
  42  4:53  Probe  
  43  5:01  Probe  
  43  5:04  Forge  
  43  5:05  Probe  
  45  5:14  Probe  
  46  5:16  Stalker x2  
  46  5:17  Probe  
  47  5:26  Probe  
  48  5:29  Probe  
  48  5:31  Immortal (Chrono Boost)  
  53  5:38  Probe  
  53  5:41  Probe  
  55  5:47  Stalker x2  
  53  5:50  Probe  
  53  5:54  Probe  
Show
View Real Time Build Order
Export as new Build Order

GabrielS Protoss - Winner!

Build Orders: Blink Stalkers 

Get SALT Encoding   

  12  0:00  Probe  
  13  0:12  Probe  
  14  0:17  Pylon  
  14  0:25  Probe (Chrono Boost)  
  15  0:37  Probe (Chrono Boost)  
  15  0:38  Gateway  
  16  0:45  Probe (Chrono Boost)  
  16  0:46  Assimilator  
  17  0:51  Probe  
  17  0:55  Assimilator  
  18  1:03  Probe (Chrono Boost)  
  19  1:13  Probe (Chrono Boost)  
  19  1:16  Gateway  
  19  1:18  Probe (Chrono Boost)  
  21  1:27  Cybernetics Core  
  21  1:30  Probe  
  22  1:41  Pylon  
  22  1:42  Probe  
  23  2:03  Stalker x2, Warp Gate  
  27  2:10  Twilight Council  
  27  2:33  Stalker x2  
  31  2:42  Pylon  
  31  2:49  Blink (Chrono Boost)  
  31  3:04  Pylon  
  31  3:19  Robotics Facility  
  31  3:25  Nexus  
  31  3:26  Shield Battery  
  31  3:31  Probe  
  32  3:43  Pylon, Probe  
  33  3:55  Stalker x2, Probe  
  38  4:07  Probe  
  39  4:19  Probe (Chrono Boost)  
  39  4:23  Observer  
  41  4:25  Forge  
  42  4:31  Probe (Chrono Boost)  
  42  4:33  Stalker x2  
  47  4:40  Probe x2 (Chrono Boost)  
  48  4:48  Probe (Chrono Boost), Observer  
  48  4:49  Probe (Chrono Boost)  
  51  4:56  Pylon  
  51  4:57  Probe x2 (Chrono Boost)  
  53  5:02  Probe (Chrono Boost)  
  53  5:04  Probe (Chrono Boost)  
  55  5:12  Probe  
  56  5:21  Observer  
  56  5:22  Probe  
  56  5:24  Probe  
  56  5:34  Probe  
  57  5:45  Stalker x2, Probe  
  57  5:48  Assimilator  
  57  5:49  Assimilator  
  60  5:51  Probe  
Tags
 
Composition
Blink Stalkers
Matchup
PvP
Replay Pack
Weekend
Spawn Locations
Cross Positions
Add a new tag
Caveats
  • Supply blocks, unpowered buildings, or Contaminate may cause inaccurate times.
  • Supply counts are checked every 10 seconds.